 Dungeon Crawl Stone Soup version 0.27.1 (webtiles) character file.

Game seed: 2774955052317013836

135 Mesmaeker13 the Skirmisher (level 5, -24/45 HPs)
             Began as a Ghoul Warper on Aug 22, 2021.
             Blown up by Ijyb (27 damage)
             ... with a mindburst bolt
             ... on level 3 of the Dungeon.
             The game lasted 00:03:29 (3022 turns).

Mesmaeker13 the Skirmisher (Ghoul Warper)           Turns: 3022, Time: 00:03:30

Health: -24/45     AC:  4    Str: 15    XL:     5   Next: 18%
Magic:  8/8        EV: 11    Int:  9    God:
Gold:   146        SH:  0    Dex:  8    Spells: 9/9 levels left

rFire    + . .     SeeInvis +     - Unarmed
rCold    + . .     Faith    .   (no shield)
rNeg     + + +     Spirit   .   a - +0 leather armour
rPois    ∞         Reflect  .   (no helmet)
rElec    .         Harm     .   (no cloak)
rCorr    .         Rampage  .   m - +0 pair of gloves
Will     .....                  (no boots)
Stlth    +.........             (no amulet)
HPRegen  0.00/turn              d - ring of see invisible
MPRegen  0.11/turn              q - ring of protection from fire

@: inhibited regen
A: claws 1, cold resistance 1, negative energy resistance 3, inhibited
regeneration, torment resistance 2
a: no special abilities


You were on level 3 of the Dungeon.
You visited 1 branch of the dungeon, and saw 3 of its levels.

You collected 146 gold pieces.

Inventory:

Hand Weapons
 j - a +1 hand axe of draining
Missiles
 c - 4 boomerangs of dispersal
 o - 32 poisoned darts (quivered)
Armour
 a - a +0 leather armour (worn)
 k - a +0 scale mail
 m - a +0 pair of gloves (worn)
Jewellery
 d - a ring of see invisible (left hand)
 q - a ring of protection from fire (right hand)
 r - a ring of protection from fire
Scrolls
 b - 2 scrolls of blinking
 g - a scroll of enchant armour {unknown}
 l - a scroll of brand weapon {unknown}
 n - a scroll of amnesia {unknown}
 p - a scroll of enchant weapon {unknown}
 s - a scroll of identify {unknown}
Potions
 e - 3 potions of curing {unknown}
 f - a potion of lignification {unknown}
 h - a potion of cancellation {unknown}
 i - a potion of brilliance {unknown}


   Skills:
 + Level 3.3 Fighting
 - Level 0.8 Throwing
 + Level 2.2 Armour
 - Level 1.7 Dodging
 + Level 3.3 Unarmed Combat
 + Level 2.6 Spellcasting
 - Level 2.6 Translocations


You had 9 spell levels left.
You didn't know any spells.
Your spell library contained the following spells:

 Spells                   Type           Power      Damage    Failure   Level
 Blink                    Tloc           N/A        N/A       19%         2
 Shock                    Conj/Air       4%         1d3       36%         1
 Gell's Gravitas          Tloc           3%         N/A       36%         3
 Lesser Beckoning         Tloc           3%         N/A       36%         3
 Teleport Other           Tloc           6%         N/A       36%         3
 Corpse Rot               Necr/Air       N/A        N/A       50%         2
 Ensorcelled Hibernation  Hex/Ice        2%         N/A       50%         2
 Poisonous Vapours        Pois/Air       2%         N/A       50%         2
 Swiftness                Air            1%         N/A       75%         3
 Airstrike                Air            0%         N/A       98%         4
 Manifold Assault         Tloc           6%         N/A       98%         5
 Freezing Cloud           Conj/Ice/Air   0%         6-21      100%        5
 Irradiate                Conj/Tmut      0%         3d13      100%        5
 Shadow Creatures         Summ           N/A        N/A       100%        6
 Spider Form              Tmut/Pois      Unusable   N/A       N/A         3
 Blade Hands              Tmut           Unusable   N/A       N/A         5
 Dragon Form              Tmut           Unusable   N/A       N/A         7

Dungeon Overview and Level Annotations

Branches:
Dungeon (3/15)

Altars:
Okawaru
Vehumet

Annotations:
D:3 Ijyb


Innate Abilities, Weirdness & Mutations

You thrive by killing the living.
You are immune to poison.
You have sharp fingernails.
Your flesh is cold resistant. (rC+)
You are immune to negative energy. (rN+++)
You do not regenerate when monsters are visible.
You are immune to unholy pain and torment.


Message History

Found 7 gold pieces.
Found 5 gold pieces.
Found a stone staircase leading up.
You now have 141 gold pieces (gained 7).
You now have 146 gold pieces (gained 5).
Found a scroll of blinking.
b - 2 scrolls of blinking (gained 1)
Found a scroll labelled LEULI YLIEMM.
Okay, then.
Ijyb the Twisted Goblin comes into view.
She is wielding a +0 dagger and carrying a wand of mindburst (11).
Ijyb shouts!
Ijyb is nearby!
You aren't carrying any items that you can evoke.
Unknown command.
Throw: 36 darts (poison)
Press: ? - help, Q - select action, (/) - cycle Shift-Dir - straight line, f - Ijyb
Aim: Ijyb, wielding a +0 dagger, wearing a +0 ring mail and carrying a wand of mindburst (11) (50% to hit)
You throw a poisoned dart. The poisoned dart barely misses Ijyb.
Unknown command.
Throw: 35 darts (poison)
Press: ? - help, Q - select action, (/) - cycle Shift-Dir - straight line, f/p - Ijyb
Aim: Ijyb, wielding a +0 dagger, wearing a +0 ring mail and carrying a wand of mindburst (11) (50% to hit)
You throw a poisoned dart. The poisoned dart hits Ijyb.
Ijyb is poisoned.
Ijyb zaps a wand.
Your mind is blasted!
Ouch! That really hurt!
Throw: 34 darts (poison)
Press: ? - help, Q - select action, (/) - cycle Shift-Dir - straight line, f/p - Ijyb
Aim: Ijyb, wielding a +0 dagger, wearing a +0 ring mail and carrying a wand of mindburst (10) (lightly wounded, poisoned, 50% to hit)
You throw a poisoned dart. The poisoned dart closely misses Ijyb.
Ijyb zaps a wand.
You barely resist.
Throw: 33 darts (poison)
Press: ? - help, Q - select action, (/) - cycle Shift-Dir - straight line, f/p - Ijyb
Aim: Ijyb, wielding a +0 dagger, wearing a +0 ring mail and carrying a wand of mindburst (9) (lightly wounded, poisoned, 50% to hit)
You throw a poisoned dart. The poisoned dart hits Ijyb.
Ijyb looks even sicker.
Ijyb is lightly wounded.
Ijyb zaps a wand.
Your mind is blasted!
* * * LOW HITPOINT WARNING * * *
Ijyb zaps a wand.
Your mind is blasted!
Ouch! That really hurt!
You die...

##.......#...##
#################...######...#>
#........##.........# #####.
#...........######..# #..
#........#### #..# #.#
#.........########..#########.#
#########....##............|...
####...................
###@................
###..##...........
##...g.)........
#####.#........ #.......#..#
#######......###.#
###............###.#
###...................
####.......g.##.....####.


You could see Ijyb.

Vanquished Creatures
  Jessica (D:3)
  5 adders
  3 worms (D:2)
  A dart slug (D:2)
  4 bats
  4 endoplasms
  4 giant cockroaches
  3 goblins
  3 hobgoblins
  7 jackals (D:3)
  4 kobolds
  A quokka (D:1)
  6 ball pythons
  3 frilled lizards
  4 rats
53 creatures vanquished.

Notes
Turn   | Place    | Note
-------+----------+-------------------------------------------
     0 | D:1      | Mesmaeker13 the Ghoul Warper began the quest for the Orb.
     0 | D:1      | Reached XP level 1. HP: 17/17 MP: 2/2
   115 | D:1      | Reached skill level 1 in Armour
   266 | D:1      | Found a faded altar of an unknown god.
   359 | D:1      | Reached XP level 2. HP: 20/25 MP: 3/3
   969 | D:2      | Found an iron altar of Okawaru.
  1015 | D:2      | Reached XP level 3. HP: 15/30 MP: 5/5
  1958 | D:2      | Reached XP level 4. HP: 35/38 MP: 6/6
  2313 | D:3      | Found a radiant altar of Vehumet.
  2333 | D:3      | Noticed Jessica
  2346 | D:3      | Killed Jessica
  2439 | D:3      | Reached XP level 5. HP: 15/45 MP: 7/7
  3002 | D:3      | Noticed Ijyb
  3006 | D:3      | HP: 2/45 [disintegration (19)]
  3022 | D:3      | Blown up by Ijyb

Illustrated notes

Levels and vault maps discovered:
D:1:      evilmike_arrival_come_back, layout_loops_ring,
          dreamdust_ecumenical_altar_grove, kennysheep_doodads,
          kennysheep_nondescript
D:2:      layout_loops_ring, basic_altar
D:3:      layout_rooms, vehumet_crystals, uniq_ijyb, uniq_jessica

Skill      XL: |  1  2  3  4 |
---------------+-------------+-----
Armour         | 1 2 |  2.2
Spellcasting   | 2 |  2.6
Fighting       | 3 |  3.3
Unarmed Combat | 3 |  3.3
Throwing       | |  0.8
Dodging        | |  1.7
Translocations | |  2.6

Action                   |  1- 3 |  4- 6 || total
-------------------------+-------+-------++-------
Melee: Unarmed           |   137 |   133 ||   270
       Punch             |       |     4 ||     4
Throw: Boomerang         |     1 |       ||     1
       Dart              |       |    13 ||    13
Armor: Leather armour    |    32 |    49 ||    81
Dodge: Dodged            |    69 |    81 ||   150
